AoeStats
← Darealown

Arena

509724012Analyzed
4v4 RM · 6d ago on Sep 27, 2026· 35m 32s· 8 players
Game mode
Random Map
Map size
Large (8 player)
Population
200
Speed
Normal
Resources
Standard
Victory
Conquest
Starting age
Dark Age
Ending age
Imperial Age
RankedLock teamsTeams togetherTeam positionsShared explorationLock speedFull tech treeHidden civsTurbo modeCheats
Victory
Defeat
🇨🇳 Poles · China
1571
+10
🇨🇳 Franks · China
1554
+10
🇨🇳 Shu · China
1422
+16
🇨🇳 Persians · China
1391
+16
🇺🇸 Italians · United States
1492
-17
🇻🇳 Inca · Vietnam
1402
-12
🇩🇪 Khmer · Germany
1401
-12
🇺🇸 Turks · United States
1377
-11
Darealown
10:49 Feudal Age
13:49 Castle Age
11:37 Double-Bit Axe
11:47 Horse Collar
14:54 Bow Saw
15:00 Heavy Plow
19:10 Wheelbarrow
18:29 Loom
21:21 Gold Mining
22:47 Hand Cart
22:46 Bloodlines
22:37 Husbandry
23:07 Scale Barding Armor
23:48 Forging
25:26 Iron Casting
26:37 Gold Shaft Mining
26:32 Stone Mining
26:36 Town Watch
27:16 Chain Barding Armor
30:28 Imperial Age
30:47 Elite Battle Elephant
32:09 Crop Rotation
32:11 Fortified Wall
33:40 Masonry
34:23 Ballistics
hehe xd
5:18 Loom
10:44 Feudal Age
11:57 Double-Bit Axe
14:39 Castle Age
13:35 Double-Bit Axe
13:33 Horse Collar
21:39 Bow Saw
24:32 Imperial Age
22:34 Gold Mining
23:02 Bow Saw
22:57 Padded Archer Armor
23:52 Wheelbarrow
23:18 Gold Mining
23:24 Loom
24:56 Leather Archer Armor
28:29 Two-Man Saw
30:57 Ring Archer Armor
32:32 Hand Cart
33:37 Husbandry
33:47 Bloodlines
32:58 Heavy Camel Rider
33:48 Scale Barding Armor
33:54 Forging
34:15 Town Watch
36:17 Chain Barding Armor
trollano
10:17 Feudal Age
14:47 Castle Age
12:50 Double-Bit Axe
12:46 Horse Collar
25:48 Stone Mining
25:49 Gold Mining
26:34 Heavy Plow
27:45 Stone Shaft Mining
31:12 Imperial Age
28:37 Fletching
29:34 Wheelbarrow
28:44 Loom
29:17 Bodkin Arrow
29:22 Padded Archer Armor
29:35 Town Watch
30:36 Ballistics
30:53 Leather Archer Armor
31:56 Bracer
31:24 Elite Genoese Crossbowman
33:18 Chemistry
33:08 Ring Archer Armor
32:45 Scale Barding Armor
32:51 Forging
32:05 Light Cavalry
32:46 Husbandry
32:57 Bloodlines
33:15 Hand Cart
33:32 Crop Rotation
33:16 Bow Saw
34:22 Conscription
35:43 Two-Man Saw
thanh7531
9:05 Feudal Age
14:03 Castle Age
12:13 Champi Runner
13:29 Double-Bit Axe
16:03 Scale Mail Armor
20:04 Champi Warrior
23:26 Wheelbarrow
22:37 Loom
29:12 Pikeman
31:36 Squires
32:21 Forging
32:31 Hand Cart
860
10:29 Feudal Age
13:55 Castle Age
11:45 Double-Bit Axe
12:09 Horse Collar
15:46 Bow Saw
18:45 Wheelbarrow
22:11 Loom
22:36 Heavy Plow
27:31 Imperial Age
25:28 Forging
25:24 Scale Barding Armor
26:59 Iron Casting
26:19 Gold Mining
26:20 Stone Mining
27:31 Hand Cart
27:09 Cavalier
27:49 Husbandry
28:00 Bloodlines
28:26 Chain Barding Armor
29:36 Blast Furnace
29:16 Crop Rotation
28:39 Savar
30:26 Gold Shaft Mining
32:48 Plate Barding Armor
32:15 Scale Mail Armor
32:01 Pikeman
32:41 Squires
32:26 Arson
32:43 Gambesons
32:57 Fletching
32:44 Halberdier
柠檬头的喜悦
10:04 Feudal Age
13:38 Castle Age
11:36 Double-Bit Axe
15:02 Bow Saw
20:21 Wheelbarrow
22:27 Gold Mining
23:05 Hand Cart
27:03 Imperial Age
24:34 Loom
25:31 Gold Shaft Mining
25:13 Scale Barding Armor
25:19 Forging
26:46 Chain Barding Armor
26:35 Husbandry
28:06 Iron Casting
27:06 Cavalier
28:08 Conscription
28:26 Plate Barding Armor
28:25 Paladin
32:59 Blast Furnace
33:55 Town Watch
93老玩家回归
9:49 Feudal Age
13:53 Castle Age
12:14 Scale Mail Armor
12:12 Double-Bit Axe
12:55 Horse Collar
13:46 Forging
14:39 Man-at-Arms
16:35 Long Swordsman
17:29 Gambesons
27:25 Wheelbarrow
26:36 Loom
28:18 Bow Saw
32:35 Imperial Age
30:13 Fletching
30:40 Gold Mining
31:48 Hand Cart
31:18 Town Watch
31:33 Bodkin Arrow
31:39 Padded Archer Armor
31:49 Crossbowman
32:35 Thumb Ring
32:46 Treadmill Crane
33:22 Bracer
33:37 Leather Archer Armor
33:51 Ballistics
34:27 Heated Shot
35:41 Chemistry
34:52 Arbalester
赶脚的柠檬头
10:46 Feudal Age
14:26 Castle Age
13:26 Double-Bit Axe
13:22 Horse Collar
15:27 Heavy Plow
15:39 Loom
21:52 Bow Saw
22:44 Scale Mail Armor
28:19 Scale Barding Armor
28:27 Szlachta Privileges
28:50 Bloodlines
29:47 Husbandry
32:27 Wheelbarrow
32:50 Chain Barding Armor
32:38 Gold Mining
32:45 Stone Mining
38:02 Imperial Age
35:48 Hand Cart
35:25 Town Watch
35:55 Forging
36:21 Chain Mail Armor
Connection lost

Rejoining the realm…

Still unreachable

The connection could not be restored.

Session expired

The server has moved on; the page needs a fresh start.